AoeStats
← Tony mastroeni

Pilgrims

509993303Analyzed
3v3 RM · 4d ago on Sep 29, 2026· 119m 0s· 6 players
Game mode
Random Map
Map size
Normal (6 player)
Population
200
Speed
Normal
Resources
Standard
Victory
Conquest
Starting age
Dark Age
Ending age
Imperial Age
RankedLock teamsTeams togetherTeam positionsShared explorationLock speedFull tech treeHidden civsTurbo modeCheats
Victory
Defeat
🇺🇸 Spanish · United States
781
+14
🇺🇸 Britons · United States
750
+16
🇺🇸 Turks · United States
730
+16
🇲🇽 Britons · Mexico
916
-23
🇲🇽 Romans · Mexico
691
-13
🇲🇽 Sicilians · Mexico
615
-10
Ricardio
3:38 Loom
8:58 Feudal Age
9:42 Double-Bit Axe
12:08 Wheelbarrow
18:45 Scale Barding Armor
18:42 Padded Archer Armor
18:33 Fletching
27:06 Castle Age
25:09 Stone Mining
29:55 Bodkin Arrow
32:26 Leather Archer Armor
32:36 Ballistics
44:41 Imperial Age
47:18 Hand Cart
48:41 Conscription
50:29 Warwolf
61:46 Pikeman
94:11 Elite Longbowman
morroko86
11:54 Feudal Age
31:59 Castle Age
41:54 Medium Warships
44:38 Horse Collar
55:03 Light Cavalry
60:44 Bloodlines
60:35 Husbandry
68:25 Scale Mail Armor
68:31 Scale Barding Armor
68:37 Forging
68:18 Fletching
68:28 Padded Archer Armor
70:34 Chain Barding Armor
70:30 Chain Mail Armor
71:19 Iron Casting
83:11 Pikeman
83:52 Squires
83:38 Gambesons
90:46 Fishing Lines
Tony mastroeni
3:49 Loom
13:24 Feudal Age
28:39 Castle Age
26:48 Fishing Lines
26:53 Horse Collar
27:27 Double-Bit Axe
27:56 Forging
27:46 Scale Mail Armor
28:23 Man-at-Arms
29:45 Heavy Plow
29:59 Bow Saw
29:56 Squires
29:17 Long Swordsman
32:19 Pikeman
34:58 Iron Casting
34:39 Chain Mail Armor
49:33 Husbandry
55:50 Scale Barding Armor
74:31 Light Cavalry
80:52 Gold Mining
88:03 Imperial Age
85:51 Caravan
86:22 Coinage
90:03 Elite Skirmisher
90:41 Stone Mining
91:28 Gold Shaft Mining
94:50 Crop Rotation
vickshick
4:15 Loom
11:28 Feudal Age
12:24 Horse Collar
16:35 Forging
18:57 Castle Age
20:27 Forging
20:46 Bloodlines
23:57 Fletching
28:32 Husbandry
36:07 Imperial Age
35:23 Scale Barding Armor
35:53 Iron Casting
40:18 Chain Barding Armor
40:53 Conscription
43:36 Gold Mining
45:04 Wheelbarrow
44:50 Bodkin Arrow
47:24 Elite Janissary
51:28 Hand Cart
64:23 Cavalier
68:57 Blast Furnace
68:32 Plate Barding Armor
67:58 Bracer
67:58 Padded Archer Armor
72:31 Leather Archer Armor
106:19 Gold Shaft Mining
114:53 Elite Cannon Galleon
darkwolf
12:37 Feudal Age
12:40 Man-at-Arms
13:23 Loom
13:50 Double-Bit Axe
17:06 Arson
22:36 Fletching
25:23 Castle Age
25:42 Elite Skirmisher
26:28 Thumb Ring
28:52 Wheelbarrow
29:52 Bloodlines
30:29 Bodkin Arrow
35:58 Padded Archer Armor
37:08 Husbandry
38:13 Pikeman
39:53 Hand Cart
41:32 Ballistics
54:05 Leather Archer Armor
58:08 Scale Barding Armor
61:35 Light Cavalry
63:07 Gold Mining
63:11 Stone Mining
64:51 Bow Saw
65:19 Chain Barding Armor
65:13 Horse Collar
70:15 Squires
70:01 Gambesons
76:03 Imperial Age
74:33 Fishing Lines
74:44 Fishing Lines
76:53 Heavy Plow
84:41 Bracer
85:12 Ring Archer Armor
84:54 Forging
84:46 Scale Mail Armor
85:22 Plate Barding Armor
87:19 Conscription
86:25 Elite Conquistador
90:26 Gillnets
91:08 Medium Warships
102:31 Heavy Warships
104:07 Town Watch
105:01 Iron Casting
104:42 Chain Mail Armor
106:17 Chemistry
105:31 Clinker Construction
105:49 Shipwright
106:36 Chemistry
105:48 Clinker Construction
112:07 Hussar
113:26 Spies/Treason
kingfisher1108
10:13 Loom
13:20 Feudal Age
14:31 Man-at-Arms
48:35 Castle Age
58:30 Double-Bit Axe
58:27 Horse Collar
66:37 Yeomen
73:01 Imperial Age
74:07 Imperial Age
78:22 Yeomen
80:34 Conscription
82:21 Stone Mining
85:29 Ballistics
86:10 Chemistry
86:19 Elite Longbowman
90:35 Fletching
90:45 Padded Archer Armor
91:46 Bodkin Arrow
98:45 Bracer
99:01 Leather Archer Armor
Connection lost

Rejoining the realm…

Still unreachable

The connection could not be restored.

Session expired

The server has moved on; the page needs a fresh start.